 Dungeon Crawl Stone Soup version 0.28-a0-32-g8dfe7f97f6 (webtiles) character file.

Game seed: 16308011889114900462

604 bande the Covered (level 7, -2/43 HPs)
             Began as a Gargoyle Fighter on July 28, 2021.
             Killed from afar by a white imp (6 damage)
             ... with a puff of frost
             ... summoned by Eustachio
             ... on level 4 of the Dungeon.
             The game lasted 00:11:18 (5864 turns).

bande the Covered (Gargoyle Fighter)                Turns: 5864, Time: 00:11:18

Health: -2/43      AC: 14    Str: 20    XL:     7   Next: 42%
Magic:  0/11       EV:  8    Int:  9    God:
Gold:   145        SH:  9    Dex: 10    Spells: 11/11 levels left

rFire   . . .      SeeInvis .   a - +0 war axe
rCold   . . .      Faith    .   c - +0 kite shield
rNeg    + . .      Spirit   +   b - +0 scale mail
rPois   ∞          Reflect  .   k - +0 helmet
rElec   +          Harm     .   d - +0 cloak
rCorr   .          Rampage  .   (no gloves)
Will    .....                   (no boots)
Stlth   ..........              e - amulet of guardian spirit
HPRegen 0.14/turn               (no ring)
MPRegen 0.12/turn               (no ring)

@: no status effects
A: sickness immunity, AC +4, negative energy resistance 1, electricity
resistance, torment resistance 1, petrification resistance
a: no special abilities


You were on level 4 of the Dungeon.
You visited 1 branch of the dungeon, and saw 4 of its levels.

You collected 145 gold pieces.

Inventory:

Hand Weapons
 a - a +0 war axe (weapon)
Missiles
 j - 3 atropa-tipped darts (quivered)
Armour
 b - a +0 scale mail (worn)
 c - a +0 kite shield (worn)
 d - a +0 cloak (worn)
 k - a +0 helmet (worn)
Jewellery
 e - an amulet of guardian spirit (around neck)
Scrolls
 m - a scroll of teleportation
Potions
 g - a potion of curing
 i - a potion of haste


   Skills:
 + Level 4.2 Fighting
 + Level 4.2 Axes
 + Level 4.9 Armour
 + Level 1.1 Dodging
 + Level 0.3 Stealth
 + Level 4.5 Shields
 * Level 2.8 Spellcasting


You had 11 spell levels left.
You didn't know any spells.
Your spell library contained the following spells:

 Spells                   Type           Power      Damage    Failure   Level
 Pain                     Necr           4%         1d4       97%         1
 Gell's Gravitas          Tloc           0%         N/A       100%        3
 Lesser Beckoning         Tloc           0%         N/A       100%        3
 Stone Arrow              Conj/Erth      2%         3d7       100%        3
 Teleport Other           Tloc           1%         N/A       100%        3
 Agony                    Necr           1%         N/A       100%        5
 Bolt of Magma            Conj/Fire/Erth 0%         4d4       100%        5
 Excruciating Wounds      Necr           0%         N/A       100%        5
 Shatter                  Erth           0%         3d5*      100%        9


Dungeon Overview and Level Annotations

Branches:
Dungeon (4/15)
 Temple: D:4-7

Altars:

Shops:
D:4 *=*

Annotations:
D:4 Eustachio


Innate Abilities, Weirdness & Mutations

You are immune to sickness and miasma.
Your stone body is resilient. (AC +4)
You are immune to poison.
You resist negative energy. (rN+)
You are resistant to electric shocks. (rElec)
You are resistant to unholy torment.
You are immune to petrification.


Message History

The river rat closely misses you. You block the ufetubus's attack.
The ufetubus hits you. Eustachio hits you with a +0 rapier.
* * * LOW HITPOINT WARNING * * *
The ufetubus hits you.
* * * LOW HITPOINT WARNING * * *
The ufetubus hits you but does no damage.
The river rat barely misses you.
You slash Eustachio!
Eustachio is heavily wounded.
You hit the river rat but do no damage. You closely miss the ufetubus.
You closely miss the river rat. The ufetubus hits you.
* * * LOW HITPOINT WARNING * * *
The ufetubus barely misses you.
The river rat bites you but does no damage.
Eustachio hits you with a +0 rapier.
* * * LOW HITPOINT WARNING * * *
The river rat bites you but does no damage.
You block the ufetubus's attack. x2; The river rat bites you.
* * * LOW HITPOINT WARNING * * *
Eustachio drinks a potion.
Eustachio is healed!
You miss the crimson imp. You hit the river rat but do no damage.
You barely miss the ufetubus. You hit the river rat.
You kill the river rat!
The river rat's corpse disappears in a puff of smoke!
Your shield prevents you from hitting Eustachio.
You block the ufetubus's attack.
The ufetubus hits you but does no damage.
The river rat closely misses you.
The ufetubus hits you but does no damage.
You block the ufetubus's attack.
The crimson imp hits you but does no damage.
You block Eustachio's attack.
Your shield and scale mail prevent you from hitting Eustachio.
Eustachio is heavily wounded.
You hit the white imp. You closely miss the ufetubus.
You closely miss the river rat. You hit the crimson imp.
The ufetubus barely misses you. The ufetubus closely misses you.
The white imp gestures at you. The puff of frost hits you!
You die...

#.....#.........#
###...#.........#
#....#.<.......#
#.....#...........#
..###.#...#..##.###
# ..#...##..#.#####
#.##...##...(....#
.. #...##5@5.....#
.# ....##.@5.....#
##...##..r..)..#
#...##........#
#.....(..#
#........#
#........#
#........#
##########


You could see Eustachio, a crimson imp (summoned), a river rat (summoned), a
white imp (summoned) and an ufetubus (summoned).

Vanquished Creatures
  Sigmund (D:2)
  Menkaure (D:3)
  A sky beast (D:4)
  Crazy Yiuf (D:3)
  An orc priest (D:1)
  An orc wizard (D:1)
  Robin (D:1)
  An adder (D:4)
  An ufetubus (D:3)
  2 worms
  2 dart slugs
  6 orcs
  3 bats
  13 endoplasms
  8 giant cockroaches
  14 goblins
  12 hobgoblins
  9 jackals
  9 kobolds
  4 quokkas
  6 ball pythons
  2 frilled lizards
  6 rats
105 creatures vanquished.

Vanquished Creatures (others)
  A goblin (D:2)
1 creature vanquished.

Grand Total: 106 creatures vanquished

Notes
Turn   | Place    | Note
-------+----------+-------------------------------------------
     0 | D:1      | bande the Gargoyle Fighter began the quest for the Orb.
     0 | D:1      | Reached XP level 1. HP: 14/14 MP: 1/1
     1 | D:1      | Found a runed translucent door.
   115 | D:1      | Reached XP level 2. HP: 9/19 MP: 2/2
   551 | D:1      | Found a faded altar of an unknown god.
   579 | D:1      | Reached skill level 1 in Spellcasting
   612 | D:1      | Reached XP level 3. HP: 16/23 MP: 4/4
  1701 | D:1      | Reached XP level 4. HP: 20/28 MP: 3/5
  2187 | D:1      | Reached XP level 5. HP: 22/33 MP: 4/7
  2394 | D:2      | Noticed Robin
  2546 | D:1      | Killed Robin
  3074 | D:2      | Noticed Sigmund
  3086 | D:2      | Killed Sigmund
  3087 | D:2      | Reached XP level 6. HP: 20/38 MP: 4/9
  4400 | D:3      | Found a runed translucent door.
  4401 | D:3      | Noticed Crazy Yiuf
  4686 | D:3      | Killed Crazy Yiuf
  4856 | D:4      | Noticed Menkaure
  4868 | D:3      | Killed Menkaure
  4869 | D:3      | Reached skill level 1 in Dodging
  4869 | D:3      | Reached XP level 7. HP: 18/43 MP: 4/10
  5350 | D:4      | Found Geyl's General Store.
  5435 | D:4      | Found Inwoad's Jewellery Boutique.
  5478 | D:4      | Found Qavu's General Store.
  5836 | D:4      | Noticed Eustachio
  5864 | D:4      | Killed from afar by a white imp

Illustrated notes

Levels and vault maps discovered:
D:1:      dpeg_arrival_caged_fury, layout_loops_ring,
          hellmonk_ecumenical_altar_pennies_from_heaven
D:2:      cheibrodos_pilgrimage, layout_loops_ring, st_stairs_4,
          minmay_misc_feat_encased, uniq_sigmund, uniq_robin
D:3:      layout_basic, uniq_crazy_yiuf_cottage
D:4:      layout_rooms, serial_shops, kennysheep_little_box,
          nicolae_shop_crystal, nicolae_shop_stone, nicolae_stop_n_shop_1,
          uniq_eustachio, uniq_menkaure

Skill      XL: |  1  2  3  4  5  6 |
---------------+-------------------+-----
Spellcasting   | 1 2 |  2.8
Axes           | 2 3 4 |  4.2
Armour         | 4 |  4.9
Shields        | 4 |  4.5
Fighting       | 4 |  4.2
Dodging        | 1 |  1.1
Stealth        | |  0.3

Action                   |  1- 3 |  4- 6 |  7- 9 || total
-------------------------+-------+-------+-------++-------
Melee: War axe           |    84 |   172 |    88 ||   344
  Use: Scroll            |     3 |     7 |     1 ||    11
       Potion            |       |     1 |     2 ||     3
Armor: Scale mail        |    60 |   114 |   109 ||   283
Dodge: Dodged            |    27 |    74 |    57 ||   158
Block: Kite shield       |    45 |   119 |    65 ||   229

Table legend: (Time is in decaauts)
 A = Elapsed time spent in this place.
 B = Non-inter-level travel time spent in this place.
 C = Inter-level travel time spent in this place.
 D = Time resting spent in this place.
 E = Time spent auto-exploring this place.
 F = Levels seen in this place.
 G = Mean time per level.
                   A        B        C        D        E       F      G
               +--------+--------+--------+--------+--------+-----+--------+
         Total |   6077 |   6053 |     24 |   2497 |   2469 |   4 | 1519.2 |
       Dungeon |   6077 |   6053 |     24 |   2497 |   2469 |   4 | 1519.2 |
               +--------+--------+--------+--------+--------+-----+--------+

Top non-repeatable levels by time:
     D:1: 2438 daAuts
     D:3: 1780 daAuts
     D:2: 1293 daAuts
     D:4: 564 daAuts
